 Dungeon Crawl Stone Soup version 0.31-a0-984-gbfb7dba898 (webtiles) character file.

Game seed: 17344646052539918612

215 MacCMillion the Ruffian (level 5, -2/36 HPs)
             Began as an Octopode Shapeshifter on Nov 3, 2023.
             Splashed by a jelly's acid (5 damage)
             ... on level 4 of the Dungeon.
             The game lasted 00:05:51 (3786 turns).

MacCMillion the Ruffian (Octopode Shapeshifter)     Turns: 3786, Time: 00:05:52

Health: -2/36      AC: -7    Str: 15    XL:     5   Next: 92%
Magic:  5/5        EV: 13    Int: 13    God:
Gold:   188        SH:  4    Dex: 17    Spells: 4/4 levels left

rFire   . .          .
                       - Unarmed
rCold   . . .        f - +0 buckler
rNeg    . . .        (helmet currently unavailable)
rPois   .            (no amulet)
rElec   .            t - +6 ring of dexterity
rCorr   .            (no ring)
SInv    .            (no ring)
Will    .....        (no ring)
Stlth   ++++         (no ring)
HPRegen 0.26/turn    (no ring)
MPRegen 0.09/turn    (no ring)
                     (no ring)

%: no passive effects
@: beast-form, corroded
A: beast (slay +1), almost no armour, amphibious, 8 rings, camouflage 1,
gelatinous body 1, (nimble swimmer 1), tentacles
a: Begin Untransformation


You were on level 4 of the Dungeon.
You were a hulking beast.
You visited 1 branch of the dungeon, and saw 4 of its levels.
You also visited: Sewer.

You collected 188 gold pieces.

Inventory:

Missiles
 h - 4 poisoned darts
 m - a throwing net
Armour
 f - a +0 buckler (worn)
Jewellery
 t - a +6 ring of dexterity (left tentacle)
Talismans
 b - a beast talisman
 c - a flux talisman
Wands
 r - a wand of polymorph (5)
Scrolls
 d - a scroll of enchant weapon {unknown}
 e - 8 scrolls of identify {unknown}
 i - a scroll of brand weapon {unknown}
 j - 2 scrolls of fear {unknown}
 k - a scroll of poison {unknown}
 l - 2 scrolls of fog {unknown}
 o - a scroll of revelation {unknown}
 p - a scroll of vulnerability {unknown}
 q - a scroll of amnesia {unknown}
 u - a scroll of noise {unknown}
Potions
 a - 2 potions of lignification
 g - 2 potions of attraction {unknown}
 n - a potion of might {unknown}
 s - a potion of cancellation {unknown}


   Skills:
 + Level 3.3 Fighting
 - Level 2.0 Dodging
 - Level 4.0 Stealth
 + Level 4.4 Unarmed Combat
 - Level 3.0 Shapeshifting


You had 4 spell levels left.
You didn't know any spells.
Your spell library contained the following spells:

 Spells                   Type           Power      Damage    Failure   Level
 Inner Flame              Hex/Fire       0%         N/A       77%         3
 Flame Wave               Conj/Fire      0%         2d4       99%         4
 Sticky Flame             Conj/Fire      0%         2d3       99%         4


Dungeon Overview and Level Annotations

Branches:
Dungeon (4/15)              Sewer (visited)
 Temple: D:4-7

Altars:
Fedhas
Kikubaaqudgha


Innate Abilities, Weirdness & Mutations

You are a hulking beast.
Your limbs bulge with bestial killing power. (Slay +1)
You cannot wear most types of armour.
You are amphibious.
You can wear up to eight rings at the same time.
Your skin changes colour to match your surroundings (Stealth+).
Your rubbery body absorbs attacks. (AC +1, EV +1)
((You are camouflaged when in or above water. (Stealth+)))
You have tentacles for arms and can constrict up to eight enemies at once.


Message History

No target in view!
You start resting.
HP restored.
Found a scroll labelled IRHIFOECHO.
t - a +6 ring of dexterity You feel agile.
t - a +6 ring of dexterity (left tentacle)
There is an open door here.
u - a scroll labelled IRHIFOECHO
There is an open door here.
You now have 178 gold pieces (gained 21).
Items here: ( ) [ †.
You now have 188 gold pieces (gained 10).
Things that are here:
a +0 morningstar; 5 stones
Things that are here:
a +0 robe; a quokka corpse An ogre is nearby!
An ogre is nearby!
A jelly comes into view.
A ball python comes into view.
The helpless jelly fails to defend itself.
You bludgeon the jelly! The acid corrodes you!
Your tentacles burn!
The jelly is severely wounded.
The jelly closely misses you.
The ball python hisses angrily.
You tentacle-slap the jelly but do no damage.
Your tentacles burn!
The jelly is heavily wounded.
You block the ball python's attack. The ball python barely misses you.
The jelly hits you.
You are splashed with acid!
You tentacle-slap the jelly but do no damage.
Your tentacles burn!
You squeeze the jelly, but do no damage.
The jelly is heavily wounded.
The ball python bites you. The ball python barely misses you.
The jelly hits you.
You are splashed with acid!
* * * LOW HITPOINT WARNING * * *
You tentacle-slap the jelly. The acid corrodes you!
Your tentacles burn!
You die...

...........##
#........$.....
.........#.#
##.#####.......
.........#.# #.$# ..
.#...#...#..# ###.##
..###.....#.# #...#
..#.#.##..#.##
##.###
..'##..#......##..##
##...#.#.##.#......#
#.#...# ####h#.....
.'.#####
#.....JS####.#
.#.#.. #.#.##### #
##... ..'# # ..#. ..
..###... .#...#...
.........


You could see a jelly and a ball python.

Vanquished Creatures
  2 hounds (D:4)
  A jelly (D:4)
  An orc wizard (D:3)
  An adder (D:2)
  3 dart slugs
  6 orcs
  3 bats
  5 endoplasms
  7 giant cockroaches
  8 goblins
  4 hobgoblins
  5 jackals
  4 quokkas
  10 ball pythons
  4 frilled lizards
  9 kobolds
  4 rats (D:1)
77 creatures vanquished.

Notes
Turn   | Place    | Note
-------+----------+-------------------------------------------
     0 | D:1      | MacCMillion the Octopode Shapeshifter began the quest for
                  | the Orb.
     0 | D:1      | Reached XP level 1. HP: 13/13 MP: 1/1
   113 | D:1      | Reached XP level 2. HP: 18/18 MP: 2/2
   170 | D:1      | Reached skill level 1 in Stealth
   231 | D:1      | Found a faded altar of an unknown god.
   398 | D:1      | Reached XP level 3. HP: 24/24 MP: 3/3
  1174 | D:2      | Reached XP level 4. HP: 23/29 MP: 4/4
  1576 | D:3      | Found a blossoming altar of Fedhas.
  1743 | D:3      | Found an ancient bone altar of Kikubaaqudgha.
  2743 | D:4      | Reached XP level 5. HP: 34/36 MP: 5/5
  2920 | D:4      | Noticed an ogre
  3082 | D:4      | Found a glowing drain.
  3087 | Sewer    | Entered a sewer
  3190 | Sewer    | Noticed Pargi
  3316 | Sewer    | HP: 1/36 [Pargi (2)]
  3786 | D:4      | Splashed by a jelly's acid

Illustrated notes

Levels and vault maps discovered:
D:1:      sevenhm_arrival_forest_fort_large_2, layout_basic,
          ebering_ecumenical_altar_box
D:2:      layout_loops_cross
D:3:      layout_basic, lemuel_doored_altar, fedhas_ov_isle_minmay,
          minmay_misc_feat_rugged, minmay_door_square, minmay_misc_feat_square
D:4:      layout_rooms, portal_sewer_entry_e, minmay_fractal_squares_diagonal_5

Skill      XL: |  1  2  3  4  5 |
---------------+----------------+-----
Stealth        | 1 2 3 4 |  4.0
Fighting       | 2 3 |  3.3
Unarmed Combat | 4 |  4.4
Dodging        | |  2.0
Shapeshifting  | |  3.0

Action                     |  1- 3 |  4- 6 || total
---------------------------+-------+-------++-------
  Melee: Unarmed           |    65 |    88 ||   153
         Tentacles         |    11 |    21 ||    32
         Constrict         |    16 |    15 ||    31
         Punch             |     1 |     3 ||     4
   Stab: Sleeping          |    11 |    17 ||    28
         Distracted        |     1 |       ||     1
 Armour: Skin              |    20 |    40 ||    60
  Dodge: Dodged            |    23 |    52 ||    75
  Block: Buckler           |     7 |     9 ||    16

Table legend: (Time is in decaauts)
 A = Elapsed time spent in this place.
 B = Non-inter-level travel time spent in this place.
 C = Inter-level travel time spent in this place.
 D = Time resting spent in this place.
 E = Time spent auto-exploring this place.
 F = Levels seen in this place.
 G = Mean time per level.
                   A        B        C        D        E       F      G
               +--------+--------+--------+--------+--------+-----+--------+
         Total |   3780 |   3669 |    111 |    857 |   1893 |   5 |  756.0 |
       Dungeon |   3527 |   3416 |    111 |    757 |   1891 |   4 |  881.8 |
         Sewer |    253 |    253 |      0 |    100 |      2 |   1 |  253.0 |
               +--------+--------+--------+--------+--------+-----+--------+

Top non-repeatable levels by time:
     D:3: 1224 daAuts
     D:2: 827 daAuts
     D:4: 749 daAuts
     D:1: 725 daAuts
   Sewer: 253 daAuts
